 Dungeon Crawl Stone Soup version 0.31-a0-851-g7ff8af7976 (webtiles) character file.

Game seed: 16677347761086166979

16 Kurtz the Sneak (level 2, -3/24 HPs)
             Began as a Mummy Delver on Oct 6, 2023.
             Was an Initiate of Gozag.
             Slain by a sleepcap (4 damage)
             ... on level 3 of the Dungeon.
             The game lasted 00:01:20 (850 turns).

Kurtz the Sneak (Mummy Delver)                       Turns: 850, Time: 00:01:21

Health: -3/24      AC: 12    Str: 15    XL:     2   Next: 37%
Magic:  2/2        EV:  4    Int:  9    God:    Gozag
Gold:   63         SH:  0    Dex: 13    Spells: 1/1 levels left

rFire   x . .        a - +0 hand axe
rCold   + . .        (no shield)
rNeg    + + +        h - +0 plate armour
rPois   ∞            n - +0 helmet
rElec   .            (no cloak)
rCorr   .            (no gloves)
SInv    .            l - +0 pair of boots
Will    .....        (no amulet) Stlth
                     (no ring)
HPRegen 0.24/turn    (no ring)
MPRegen 0.08/turn

%: faith
@: gold aura
A: cold resistance 1, negative energy resistance 3, torment resistance 2, heat
vulnerability 1, in touch with death 1, no potions, faith
a: Renounce Religion, Potion Petition, Call Merchant, Bribe Branch


You were on level 3 of the Dungeon.
You worshipped Gozag.
Gozag was noncommittal.
You visited 2 branches of the dungeon, and saw 4 of its levels.

You collected 118 gold pieces.
You paid 55 gold pieces to Gozag.

Inventory:

Hand Weapons
 a - a +0 hand axe (weapon)
Armour
 h - a +0 plate armour (worn)
 j - a +0 helmet
 l - a +0 pair of boots (worn)
 n - a +0 helmet (worn)
Wands
 f - a wand of digging (3)
Scrolls
 b - 2 scrolls of identify {unknown}
 c - 2 scrolls of fog
 d - a scroll of revelation
 e - a scroll of fear
 g - a scroll of immolation {unknown}
 i - a scroll of amnesia {unknown}
 k - a scroll of enchant weapon {unknown}
 m - a scroll of summoning {unknown}


   Skills:
 - Level 3.0 Fighting
 + Level 2.5 Axes
 - Level 1.5 Dodging
 - Level 4.1 Stealth


You had one spell level left.
You didn't know any spells.
Your spell library contained the following spells:

 Spells                   Type           Power      Damage    Failure   Level
 Irradiate                Conj/Tmut      0%         3d11      100%        5
 Wereblood                Tmut           Unusable   N/A       N/A         2

Dungeon Overview and Level Annotations

Branches:
Dungeon (5/15)             Temple (1/1) D:4

Altars:
Cheibriados
Dithmenos
Fedhas
Gozag
Hepliaklqana
Kikubaaqudgha
Makhleb
Nemelex Xobeh
Okawaru
Ru
Sif Muna
Trog
Vehumet
Wu Jian

Annotations:
D:3 exclusion: 2 doors


Innate Abilities, Weirdness & Mutations

You are immune to poison.
Your flesh is cold resistant. (rC+)
You are immune to negative energy. (rN+++)
You are immune to unholy pain and torment.
You are vulnerable to heat. (rF-)
You are in touch with the powers of death.
You do not drink.
You have a special connection with the divine. (Faith)


Message History

The sleepcap releases spores at you but does no damage.
The endoplasm freezes you.
You are frozen.
You resist.
You are too injured to fight recklessly!
You are too injured to fight recklessly!
Unknown command.
You hit the sleepcap but do no damage.
The sleepcap is lightly damaged.
You hit the sleepcap. You hit the endoplasm. The sleepcap barely misses you. x2
The endoplasm freezes you.
You are frozen.
You resist.
You are too injured to fight recklessly!
Unknown command.
You are too injured to fight recklessly!
You hit the sleepcap but do no damage.
The sleepcap is lightly damaged.
You hit the endoplasm. You hit the sleepcap but do no damage.
You hear a distant slurping noise.
The sleepcap barely misses you.
The sleepcap releases spores at you but does no damage.
The endoplasm freezes you.
You are frozen.
You resist.
The sleepcap releases spores at you but does no damage.
The endoplasm freezes you.
You are frozen.
You resist. The sleepcap releases spores at you.
* * * LOW HITPOINT WARNING * * *
You are too injured to fight recklessly!
Unknown command.
You hit the endoplasm.
You kill the endoplasm!
You hit the sleepcap but do no damage. You hit the sleepcap.
The sleepcap releases spores at you.
* * * LOW HITPOINT WARNING * * *
The sleepcap releases spores at you but does no damage.
Unknown command.
You hit the sleepcap but do no damage.
The sleepcap is moderately damaged.
The sleepcap releases spores at you.
You die...
Your body crumbles into a pile of gold.

####################
#..................####
#..................#...
#..................#...
#.........####.....#...
#.........#................###...
#.........#......................
#............!...♣♣♣♣............
#...............@♣$.♣♣♣..........
#................f....♣♣♣.....!..
#..........##..'$.....♣♣.......
#..............'....♣♣♣##.....#
##...........♣..♣♣♣.........#
####............♣♣♣♣.#.........#
#....................#.........#
#.........##.........#..........
#.........##....................


You could see a sleepcap.

Vanquished Creatures
  2 ball pythons
  2 endoplasms (D:3)
  A hobgoblin (D:4)
  A jackal (D:3)
  A bat (D:3)
  7 kobolds (D:3)
  A rat (D:3)
15 creatures vanquished.

Notes
Turn   | Place    | Note
-------+----------+-------------------------------------------
     0 | D:5      | Kurtz the Mummy Delver began the quest for the Orb.
     0 | D:5      | Reached XP level 1. HP: 18/18 MP: 1/1
    49 | D:4      | Found a staircase to the Ecumenical Temple.
   206 | Temple   | Entered the Ecumenical Temple
   596 | Temple   | Became a worshipper of Gozag Ym Sagoz the Greedy
   737 | D:3      | Reached XP level 2. HP: 20/24 MP: 2/2
   848 | D:3      | HP: 1/24 [sleepcap (3)]
   850 | D:3      | Slain by a sleepcap

Illustrated notes

Levels and vault maps discovered:
D:3:      cheibrodos_fertilizer, layout_basic, hellmonk_no_cap
D:4:      layout_basic, minmay_temple_entry_antechambers, kennysheep_boxes
D:5:      layout_gridville, chequers_temple_overflow_statue_of_worship,
          uniq_sigmund
Temple:   kb_temple_of_zot

Skill      XL: |  1 |
---------------+----+-----
Axes           | 2 |  2.5
Fighting       | |  3.0
Dodging        | |  1.5
Stealth        | |  4.1

Action                     || total
---------------------------++-------
  Melee: Hand axe          ||    50
         Punch             ||     1
 Armour: Plate armour      ||    48
         Leather armour    ||     6
  Dodge: Dodged            ||    13

Table legend: (Time is in decaauts)
 A = Elapsed time spent in this place.
 B = Non-inter-level travel time spent in this place.
 C = Inter-level travel time spent in this place.
 D = Time resting spent in this place.
 E = Time spent auto-exploring this place.
 F = Levels seen in this place.
 G = Mean time per level.
                   A        B        C        D        E       F      G
               +--------+--------+--------+--------+--------+-----+--------+
         Total |    861 |    598 |    263 |      0 |    368 |   4 |  215.2 |
       Dungeon |    780 |    597 |    183 |      0 |    368 |   3 |  260.0 |
        Temple |     81 |      1 |     80 |      0 |      0 |   1 |   81.0 |
               +--------+--------+--------+--------+--------+-----+--------+

Top non-repeatable levels by time:
     D:3: 406 daAuts
     D:4: 370 daAuts
  Temple: 81 daAuts
     D:5: 4 daAuts
